AoeStats
← 大王同学

QS Arena

503594296Analyzed
4v4 RM · 1mo ago on Sep 1, 2026· 38m 52s· 8 players
Game mode
Random Map
Map size
Large (8 player)
Population
200
Speed
Normal
Resources
Standard
Victory
Conquest
Starting age
Dark Age
Ending age
Imperial Age
RankedLock teamsTeams togetherTeam positionsShared explorationLock speedFull tech treeHidden civsTurbo modeCheats
Victory
Defeat
🇨🇳 Huns · China
1355
+14
🇻🇳 Bohemians · Vietnam
1344
+15
🇨🇳 Wei · China
1337
+15
🇺🇸 Celts · United States
1310
+16
🇦🇷 Italians · Argentina
1378
-18
🇨🇳 Burgundians · China
1340
-16
🇭🇰 Koreans · Hong Kong SAR China
1289
-14
🇨🇳 Teutons · China
1258
-12
Sain
7:56 Feudal Age
9:41 Double-Bit Axe
12:07 Castle Age
10:10 Horse Collar
13:03 Bow Saw
13:20 Heavy Plow
19:02 Wheelbarrow
19:36 Gold Mining
19:37 Stone Mining
20:40 Hand Cart
25:30 Imperial Age
23:18 Scale Mail Armor
23:28 Forging
23:07 Gambesons
23:21 Loom
24:28 Gold Shaft Mining
23:40 Treadmill Crane
23:40 Pikeman
24:07 Arson
24:39 Chain Mail Armor
25:59 Iron Casting
25:36 Halberdier
25:37 Capped Ram
27:46 Plate Mail Armor
28:14 Furor Celtica
29:39 Blast Furnace
29:13 Siege Ram
31:46 Town Watch
32:12 Caravan
32:55 Fletching
34:24 Onager
35:54 Guilds
36:14 Coinage
36:11 Siege Onager
37:55 Banking
阿栋i
7:54 Feudal Age
12:18 Castle Age
10:24 Horse Collar
10:50 Double-Bit Axe
11:22 Stone Mining
11:52 Gold Mining
14:03 Bow Saw
13:57 Loom
18:03 Wheelbarrow
17:39 Heavy Plow
21:04 Gold Shaft Mining
21:43 Hand Cart
22:27 Stone Shaft Mining
26:54 Imperial Age
24:46 Forging
24:42 Scale Barding Armor
24:21 Treadmill Crane
25:38 Tuntian
26:26 Bloodlines
26:17 Husbandry
26:57 Iron Casting
26:43 Chain Barding Armor
26:33 Town Watch
28:00 Conscription
28:16 Crop Rotation
27:16 Heavy Hei Guang Cavalry
29:51 Blast Furnace
29:05 Town Patrol
30:26 Ming Guang Armor
31:15 Chemistry
31:27 Fletching
31:59 Ballistics
34:16 Elite Tiger Cavalry
37:09 Bodkin Arrow
37:14 Padded Archer Armor
37:15 Scale Mail Armor
37:27 Masonry
37:13 Murder Holes
CavArchers
7:49 Feudal Age
11:33 Castle Age
9:21 Double-Bit Axe
10:12 Horse Collar
12:37 Bow Saw
17:46 Wheelbarrow
17:47 Gold Mining
18:34 Heavy Plow
19:34 Fletching
20:24 Gold Shaft Mining
20:42 Bodkin Arrow
20:48 Padded Archer Armor
22:42 Thumb Ring
23:20 Bloodlines
23:10 Husbandry
23:32 Leather Archer Armor
23:30 Stone Mining
24:04 Ballistics
25:03 Loom
25:33 Hand Cart
29:43 Imperial Age
29:44 Heavy Cavalry Archer
30:49 Parthian Tactics
29:49 Light Cavalry
30:31 Bracer
31:33 Chemistry
30:41 Scale Barding Armor
30:46 Forging
32:46 Chain Barding Armor
31:49 Hussar
33:55 Two-Man Saw
33:42 Town Watch
34:39 Plate Barding Armor
34:39 Iron Casting
37:17 Conscription
39:45 Blast Furnace
Firelord
1:41 Loom
7:52 Feudal Age
12:47 Castle Age
11:16 Double-Bit Axe
11:49 Horse Collar
14:37 Fervor
14:43 Bow Saw
18:05 Heavy Plow
25:11 Imperial Age
23:39 Fletching
25:52 Chemistry
27:55 Treadmill Crane
28:53 Conscription
32:15 Wheelbarrow
33:02 Ballistics
32:09 Pikeman
32:50 Squires
33:55 Scale Mail Armor
34:37 Halberdier
37:17 Forging
大王同学
9:08 Feudal Age
12:45 Castle Age
11:01 Double-Bit Axe
11:29 Horse Collar
13:52 Bow Saw
16:08 Gold Mining
16:57 Loom
21:18 Wheelbarrow
21:14 Heavy Plow
22:54 Stone Mining
26:41 Imperial Age
24:34 Town Watch
24:44 Fletching
26:22 Gold Shaft Mining
26:05 Murder Holes
26:31 Ballistics
26:54 Bodkin Arrow
26:52 Crossbowman
27:38 Thumb Ring
27:35 Bracer
29:19 Chemistry
28:30 Arrowslits
28:57 Masonry
mengxing
9:48 Feudal Age
13:30 Castle Age
11:27 Double-Bit Axe
14:38 Horse Collar
15:16 Fletching
18:19 Imperial Age
16:36 Fletching
17:32 Bodkin Arrow
19:13 Gold Mining
21:16 Padded Archer Armor
21:58 Bracer
23:35 Ballistics
25:00 Chemistry
24:12 Padded Archer Armor
26:27 Leather Archer Armor
27:12 Leather Archer Armor
30:23 Bow Saw
30:52 Conscription
32:26 Stone Mining
34:13 Thumb Ring
34:21 Elite Genoese Crossbowman
34:47 Loom
36:37 Ring Archer Armor
38:28 Wheelbarrow
小离爱吃糖
9:25 Feudal Age
11:06 Double-Bit Axe
14:10 Castle Age
16:43 Horse Collar
18:15 Bow Saw
19:35 Wheelbarrow
19:13 Stone Mining
19:19 Gold Mining
22:05 Heavy Plow
23:34 Hand Cart
23:10 Loom
24:03 Stone Shaft Mining
26:13 Scale Mail Armor
26:24 Forging
30:01 Imperial Age
29:53 Chain Mail Armor
30:13 Iron Casting
32:11 Plate Mail Armor
33:01 Crop Rotation
34:03 Two-Man Saw
32:54 Elite Teutonic Knight
34:01 Conscription
35:27 Masonry
35:23 Siege Engineers
35:39 Ballistics
36:20 Chemistry
35:45 Crenellations
36:04 Hoardings
小传奇
6:01 Double-Bit Axe
5:59 Horse Collar
9:25 Feudal Age
10:40 Bow Saw
13:22 Castle Age
13:39 Heavy Plow
15:26 Wheelbarrow
14:40 Loom
20:11 Gold Mining
20:47 Town Watch
24:07 Hand Cart
24:55 Two-Man Saw
24:41 Crop Rotation
24:33 Loom
27:46 Imperial Age
26:01 Scale Barding Armor
26:06 Forging
26:14 Burgundian Vineyards
26:26 Cavalier
27:07 Husbandry
28:05 Chain Barding Armor
28:21 Iron Casting
28:54 Coinage
27:48 Paladin
28:54 Stone Mining
29:39 Gold Shaft Mining
30:20 Banking
31:18 Plate Barding Armor
31:43 Blast Furnace
33:29 Conscription
36:10 Light Cavalry
37:54 Hussar
Connection lost

Rejoining the realm…

Still unreachable

The connection could not be restored.

Session expired

The server has moved on; the page needs a fresh start.